 Dungeon Crawl Stone Soup version 0.21-a0-641-geef9d7f (webtiles) character file.

855 Monsterracer the Reanimator (level 7, -10/55 HPs)
             Began as a Deep Dwarf Necromancer on Dec 30, 2017.
             Mangled by a two-headed ogre
             ... wielding a +0 giant club
              (13 damage)
             ... on level 5 of the Dungeon.
             The game lasted 00:15:02 (6373 turns).

Monsterracer the Reanimator (DDNe)                  Turns: 6373, Time: 00:15:02

Health: -10/55     AC:  5    Str: 11    XL:     7   Next: 70%
Magic:  0/13       EV: 12    Int: 18    God:
Gold:   290        SH:  0    Dex: 13    Spells: 1/14 levels left

rFire    . . .     SeeInvis .   b - -2 shortbow (curse)
rCold    . . .     Gourm    +   (shield currently unavailable)
rNeg     . . .     Faith    .   a - +0 robe
rPois    .         Spirit   .   s - +0 helmet
rElec    .         Reflect  .   u - +0 cloak
rCorr    .         Harm     .   n - +0 pair of gloves
MR       ++...                  (no boots)
Stlth    ++........             l - amulet of the gourmand
HPRegen  0.00/turn              x - ring of protection from magic {!d}
MPRegen  0.13/turn              (no ring)

@: non-regenerating
A: damage resistance, heal wounds, sense surroundings 1, no regeneration
a: Heal Wounds


You were on level 5 of the Dungeon.
You were not hungry.

You visited 1 branch of the dungeon, and saw 5 of its levels.
You also visited: Sewer.

You collected 290 gold pieces.

Inventory:

Hand Weapons
 b - a cursed -2 shortbow (weapon)
 q - a +1 dagger of speed
 w - a +0 trident
Missiles
 j - 14 arrows (quivered)
Armour
 a - a +0 robe (worn)
 n - a +0 pair of gloves (worn)
 s - a +0 helmet (worn)
 u - a +0 cloak (worn)
Jewellery
 l - an amulet of the gourmand (around neck)
 o - an uncursed ring of ice
 x - a ring of protection from magic (left hand) {!d}
Scrolls
 f - 3 scrolls of teleportation
 h - 3 scrolls of amnesia
 k - a scroll of remove curse
 r - a scroll of fear {!r}
 y - a scroll of identify
Potions
 d - 3 potions of might
 e - 5 potions of curing
 g - a potion of berserk rage {!q}
 i - 5 potions of brilliance
 m - a potion of lignification
 v - a potion of magic
Comestibles
 c - 8 rations


   Skills:
 - Level 2.1 Dodging
 - Level 2.4 Stealth
 + Level 4.1 Spellcasting
 * Level 8.5 Necromancy
 + Level 4.2 Earth Magic


You had one spell level left.
You knew the following spells:

 Your Spells              Type           Power        Failure   Level  Hunger
a - Pain                  Necr           ####         1%          1    None
b - Animate Dead          Necr           N/A          4%          4    ####...
c - Vampiric Draining     Necr           ####......   1%          3    ###....
d - Borgnjor's Vile Clut  Necr/Erth      ####......   28%         5    ######.


Dungeon Overview and Level Annotations

Branches:
Dungeon (5/15)
 Temple: D:4-7

Altars:
Elyvilon

Portals:
Ossuary: D:5

Annotations:
D:3 Cenon's ghost, amateur DrEE


Innate Abilities, Weirdness & Mutations

You are resistant to damage.
You can heal yourself by infusing magical energy.
You passively map a small area around you.
You do not regenerate.


Message History

The centaur is heavily wounded.
You feel life coursing into your body. The centaur misses you.
You regained 4 hp, and now have 41/55 hp.
You now have 7/13 mp.
Casting: Vampiric Draining
Confirm with . or Enter, or press ? or * to list all spells.
Aiming: Vampiric Draining
Press: ? - help, Shift-Dir - straight line, f/p - centaur
Aim: a centaur (heavily wounded)
You kill the centaur!
You feel life coursing into your body.
You regained 5 hp, and now have 46/55 hp.
You now have 4/13 mp.
You hear the slow hiss of a distant avalanche of sand.
Things that are here:
a glowing shortbow; 17 arrows
Things that are here:
a glowing shortbow; 17 arrows
b - a glowing shortbow
j - 17 arrows Wield which item (- for none, * to show all)? (? for menu, Esc to quit)
It sticks to your hand!
b - a cursed -2 shortbow (weapon)
Okay, then.
A two-headed ogre comes into view.
It is wielding a giant club and a dire flail.
Casting: Vampiric Draining
Confirm with . or Enter, or press ? or * to list all spells.
Okay, then.
Firing (i - inventory):
j - 17 arrows (quivered)
Press: ? - help, Shift-Dir - straight line, f - two-headed ogre
Aim: a two-headed ogre, wielding a giant club and a dire flail You shoot an arrow.
The arrow barely misses the two-headed ogre.
Firing (i - inventory):
j - 16 arrows (quivered)
Press: ? - help, Shift-Dir - straight line, f/p - two-headed ogre
Aim: a two-headed ogre, wielding a giant club and a dire flail You shoot an arrow.
The arrow hits the two-headed ogre.
The two-headed ogre is lightly wounded.
Firing (i - inventory):
j - 15 arrows (quivered)
Press: ? - help, Shift-Dir - straight line, f/p - two-headed ogre
Aim: a two-headed ogre, wielding a giant club and a dire flail (lightly wounded)
You shoot an arrow. The arrow hits the two-headed ogre.
The two-headed ogre is lightly wounded.
Casting: Vampiric Draining
Confirm with . or Enter, or press ? or * to list all spells.
Aiming: Vampiric Draining
Press: ? - help, Shift-Dir - straight line, f/p - two-headed ogre
Aim: a two-headed ogre, wielding a giant club and a dire flail (lightly wounded)
The two-headed ogre is moderately wounded.
You feel life coursing into your body. The two-headed ogre barely misses you.
The two-headed ogre hits you with a dire flail.
You regained 3 hp, and now have 49/55 hp.
You now have 4/13 mp.
Casting: Vampiric Draining
Confirm with . or Enter, or press ? or * to list all spells.
Aiming: Vampiric Draining
Press: ? - help, Shift-Dir - straight line, f/p - two-headed ogre
Aim: a two-headed ogre, wielding a giant club and a dire flail (moderately wounded)
The two-headed ogre is heavily wounded.
You feel life coursing into your body.
The two-headed ogre hits you with a giant club!
The two-headed ogre hits you with a dire flail.
You take 11 damage, and have 38/55 hp.
You now have 1/13 mp.
Casting: Vampiric Draining
Confirm with . or Enter, or press ? or * to list all spells.
Aiming: Vampiric Draining
Press: ? - help, Shift-Dir - straight line, f/p - two-headed ogre
Aim: a two-headed ogre, wielding a giant club and a dire flail (moderately wounded)
The two-headed ogre is heavily wounded.
You feel life coursing into your body.
The two-headed ogre hits you with a giant club!!
* * * LOW HITPOINT WARNING * * *
The two-headed ogre hits you with a dire flail!
* * * LOW HITPOINT WARNING * * *
You take 30 damage, and have 8/55 hp.
MASSIVE DAMAGE!!
You now have 0/13 mp.
Found 10 gold pieces.
You hear the slow hiss of a distant avalanche of sand.
Casting: Vampiric Draining
Confirm with . or Enter, or press ? or * to list all spells.
Aiming: Vampiric Draining
Press: ? - help, Shift-Dir - straight line, f/p - two-headed ogre
Aim: a two-headed ogre, wielding a giant club and a dire flail (moderately wounded)
The two-headed ogre is heavily wounded.
You feel life coursing into your body.
The two-headed ogre hits you but does no damage.
The two-headed ogre hits you with a dire flail.
* * * LOW HITPOINT WARNING * * *
You regained 3 hp, and now have 11/55 hp.
You now have 0/13 mp.
Casting: Vampiric Draining
Confirm with . or Enter, or press ? or * to list all spells.
Aiming: Vampiric Draining
Press: ? - help, Shift-Dir - straight line, f/p - two-headed ogre
Aim: a two-headed ogre, wielding a giant club and a dire flail (heavily wounded)
The two-headed ogre is severely wounded.
You feel life coursing into your body.
The two-headed ogre hits you with a giant club!
* * * LOW HITPOINT WARNING * * *
The two-headed ogre hits you with a dire flail!
You die...

.......#..#...##.#####..
#).................. ,
...####..#...............$
#...........#.#.##.##.#..
#.#.####.##.#.#.##.#* , ,
.............#.##.#
**.#.###.....#.#.##.#### *
#.(##O#.#.......+, ,
#..##@#.####.####
#.#.###..##.######.# ,, *
#.......(##........# , ,*
#.######.####.####<# , #(#
#.# ### ###.# ##.#
#8#.###8.# #.....#.#
#.#...#.#


You could see a two-headed ogre.

Vanquished Creatures
  An ice beast (D:3)
  A centaur (D:5)
  A bullfrog zombie (D:3)
  2 orc wizards (D:4)
  3 orc priests (D:3)
  Crazy Yiuf (D:3)
  A bullfrog skeleton (D:4)
  3 worker ants
  11 adders
  3 worms (D:3)
  4 dart slugs
  7 leopard geckos
  12 orcs
  3 ball pythons
  6 giant cockroaches
  7 goblins
  6 hobgoblins
  12 jackals
  12 kobolds
  2 quokkas
  5 bats
  6 frilled lizards
  7 rats
116 creatures vanquished.

Vanquished Creatures (collateral kills)
  Grinder (D:4)
1 creature vanquished.

Vanquished Creatures (others)
  A plant (Sewer)
1 creature vanquished.

Grand Total: 118 creatures vanquished

Notes
Turn   | Place    | Note
-------+----------+-------------------------------------------
     0 | D:1      | Monsterracer the Deep Dwarf Necromancer began the quest for the Orb.
     0 | D:1      | Reached XP level 1. HP: 15/15 MP: 3/3
   192 | D:1      | Reached XP level 2. HP: 19/22 MP: 5/5
   292 | D:1      | Reached skill level 5 in Necromancy
   652 | D:1      | Reached XP level 3. HP: 24/28 MP: 1/6
  1074 | D:2      | Learned a level 3 spell: Vampiric Draining
  1517 | D:2      | Reached XP level 4. HP: 23/36 MP: 0/7
  1794 | D:3      | Noticed Cenon's ghost (amateur DrEE)
  1795 | D:3      | Reached skill level 6 in Necromancy
  1804 | D:2      | HP: 15/36 [orc/flail (4)]
  1880 | D:3      | Reached XP level 5. HP: 22/42 MP: 2/9
  1890 | D:2      | HP: 20/42 [adder (4)]
  1977 | D:2      | Learned a level 5 spell: Borgnjor's Vile Clutch
  1991 | D:3      | Noticed an ice beast
  2001 | D:3      | HP: 14/42 [orc priest/divine providence (10)]
  2083 | D:3      | HP: 21/42 [orc/short sword (1)]
  2219 | D:3      | Reached skill level 1 in Earth Magic
  2224 | D:3      | Found a glowing drain.
  2309 | Sewer    | Entered a sewer
  2934 | Sewer    | Reached XP level 6. HP: 49/49 MP: 7/10
  3552 | D:3      | Reached skill level 7 in Necromancy
  3696 | D:3      | Killed an ice beast
  3828 | D:3      | HP: 24/49 [Cenon's ghost/blast of sand (3)]
  4209 | D:3      | Found a runed door.
  4910 | D:3      | Noticed Crazy Yiuf
  4935 | D:3      | HP: 22/49 [Crazy Yiuf/quarterstaff of chaos (5)]
  4937 | D:3      | Killed Crazy Yiuf
  5003 | D:3      | Learned a level 1 spell: Pain
  5077 | D:4      | Reached XP level 7. HP: 39/55 MP: 0/12
  5087 | D:3      | Learned a level 4 spell: Animate Dead
  5435 | D:4      | Noticed Grinder
  5445 | D:4      | Paralysed by Grinder for 5 turns
  5494 | D:4      | HP: 25/55 [Grinder (8)]
  5499 | D:4      | HP: 10/55 [Grinder (3)]
  5507 | D:4      | Paralysed by Grinder for 2 turns
  5508 | D:4      | Killed Grinder
  5508 | D:4      | Reached skill level 8 in Necromancy
  5699 | D:4      | HP: 24/55 [bullfrog skeleton (5)]
  5771 | D:4      | Found a white marble altar of Elyvilon.
  6241 | D:5      | Entered Level 5 of the Dungeon
  6255 | D:5      | Found a sand-covered staircase.
  6306 | D:5      | Noticed a two-headed ogre
  6326 | D:5      | HP: 20/55 [two-headed ogre/giant club (21)]
  6326 | D:5      | HP: 8/55 [two-headed ogre/giant club (12)]
  6352 | D:5      | HP: 11/55 [two-headed ogre/giant club (3)]
  6373 | D:5      | HP: 3/55 [two-headed ogre/giant club (13)]
  6373 | D:5      | Mangled by a two-headed ogre

Vault maps used:
D:1:      lemuel_arrival_tunnels
D:3:      gup_sewer_entry_pipe, uniq_crazy_yiuf_cottage
D:4:      first_ration, elyvilon_altar_5, uniq_grinder
D:5:      lightli_ossuary_entry_decrepit_ruins
Sewer:    sewer_co_scattered_pipes

Skill      XL: |  1  2  3  4  5  6  7 |
---------------+----------------------+-----
Spellcasting   | 2 3 4 |  4.1
Necromancy     | 5 6 7 8 |  8.5
Earth Magic    | 1 3 4 |  4.2
Dodging        | |  2.1
Stealth        | |  2.4

Action                   |  1- 3 |  4- 6 |  7- 9 || total
-------------------------+-------+-------+-------++-------
Melee: Dagger            |    49 |   245 |    51 ||   345
       Short sword       |     9 |       |       ||     9
 Fire: Shortbow          |       |       |     3 ||     3
 Cast: Pain              |    40 |    41 |       ||    81
       Vampiric Draining |     5 |    54 |    22 ||    81
       Animate Dead      |       |       |     1 ||     1
  Use: Scroll            |       |     8 |     7 ||    15
       Potion            |       |       |     1 ||     1
 Stab: Sleeping          |     4 |     1 |       ||     5
  Eat: Chunk             |     3 |    13 |     7 ||    23
       Ration            |       |     1 |       ||     1
Armor: Robe              |    14 |    38 |    13 ||    65
Dodge: Dodged            |    36 |   117 |    32 ||   185

Table legend:
 A = Spawn XP
 B = Non-spawn XP
 C = Spawn XP percentage of total XP
 D = Spawn monster count
 E = Non-spawn monster count
 F = Spawn count percentage of total count
 G = Total turns spent on level
                    A         B        C        D         E        F      G
               +---------+---------+-------+---------+---------+-------+---------
         Total |       0 |    1222 |   0.0 |       0 |     117 |   0.0 |  6373
               +---------+---------+-------+---------+---------+-------+---------
           D:1 |       0 |      44 |   0.0 |       0 |      23 |   0.0 |  1069
           D:2 |       0 |     113 |   0.0 |       0 |      19 |   0.0 |  1197
           D:3 |       0 |     418 |   0.0 |       0 |      37 |   0.0 |  1753
           D:4 |       0 |     457 |   0.0 |       0 |      18 |   0.0 |  1140
           D:5 |       0 |     110 |   0.0 |       0 |       1 |   0.0 |   132
         Sewer |       0 |      80 |   0.0 |       0 |      19 |   0.0 |  1082
               +---------+---------+-------+---------+---------+-------+---------

Vault maps used:
D:1:      lemuel_arrival_tunnels
D:3:      gup_sewer_entry_pipe, uniq_crazy_yiuf_cottage
D:4:      first_ration, elyvilon_altar_5, uniq_grinder
D:5:      lightli_ossuary_entry_decrepit_ruins
Sewer:    sewer_co_scattered_pipes
